 Dungeon Crawl Stone Soup version 0.30.1-3-gfc49f6343a (webtiles) character file.

Game seed: 9380477155199558302

3414 Wiggles the Severer (level 9, -3/70 HPs)
             Began as a Minotaur Berserker on Aug 7, 2023.
             Was a Priest of Trog.
             Killed from afar by an orc wizard (10 damage)
             ... with a puff of flame
             ... on level 8 of the Dungeon.
             The game lasted 00:11:54 (6934 turns).

Wiggles the Severer (Minotaur Berserker)            Turns: 6934, Time: 00:11:55

Health: -3/70      AC:  8    Str: 28    XL:     9   Next: 76%
Magic:  8/8        EV:  9    Int:  4    God:    Trog [***...]
Gold:   356        SH:  0    Dex: 13    Spells: 8/8 levels left

rFire   . . .        x - +0 war axe
rCold   . . .        (no shield)
rNeg    . . .        h - +0 chain mail
rPois   +            (helmet restricted)
rElec   .            (no cloak)
rCorr   +            (no gloves)
SInv    .            (no boots)
Will    .....        c - amulet "Lexkiax" {RegenMP +Blink rPois Str+3 Dex+2} Stlth
                     u - ring of resist corrosion
HPRegen 0.31/turn    (no ring)
MPRegen 0.51/turn

%: no passive effects
@: on berserk cooldown, slowed, very slow
A: horns 2, retaliatory headbutt
a: Renounce Religion, Evoke Blink, Berserk, Trog's Hand


You were on level 8 of the Dungeon.
You worshipped Trog.
Trog was most pleased with you.
You visited 1 branch of the dungeon, and saw 8 of its levels.

You collected 356 gold pieces.

Inventory:

Hand Weapons
 x - a +0 war axe (weapon)
Missiles
 a - a throwing net (quivered)
Armour
 h - a +0 chain mail (worn)
Jewellery
 c - the amulet "Lexkiax" (around neck) {RegenMP +Blink rPois Str+3 Dex+2}
   (You acquired it on level 6 of the Dungeon)

   [amulet of magic regeneration]

   It increases your rate of magic regeneration.
   Str:       It affects your strength (+3).
   Dex:       It affects your dexterity (+2).
   rPois:     It protects you from poison.
   +Blink:    It lets you blink.
 u - a ring of resist corrosion (left hand)
Wands
 l - a wand of roots (18)
 o - a wand of flame (10)
 s - a wand of digging (6)
 w - a wand of mindburst (11)
 y - a wand of paralysis (20)
Scrolls
 d - 2 scrolls of blinking
 f - a scroll of teleportation
 m - a scroll of fog
Potions
 b - a potion of might {unknown}
 e - 2 potions of berserk rage
 g - a potion of ambrosia {unknown}
 i - a potion of curing {unknown}
 j - 2 potions of resistance {unknown}
 k - a potion of flight {unknown}
 p - a potion of attraction {unknown}
 q - a potion of haste {unknown}
 v - 2 potions of heal wounds {unknown}


   Skills:
 - Level 3.6 Fighting
 + Level 16.1 Axes
 - Level 2.4 Armour
 - Level 2.1 Dodging
 + Level 2.4 Stealth
 + Level 1.0 Evocations


You had 8 spell levels left.
You didn't know any spells.
Your spell library was empty.

Dungeon Overview and Level Annotations

Branches:
Dungeon (8/15)             Temple (0/1) D:4
   Lair: D:8-11

Altars:
Elyvilon
Okawaru
Ru
Yredelemnul
Zin


Innate Abilities, Weirdness & Mutations

You have a pair of horns on your head.
You reflexively headbutt those who attack you in melee.


Message History

You barely miss the orc warrior.
The orc warrior is severely wounded.
The orc hits you with a +3 short sword. The orc warrior completely misses you.
Things that are here:
a +2 dagger of pain; a +0 robe; an orc corpse You slash the orc!
You kill the orc!
Trog accepts your kill.
You barely miss the orc warrior.
You hear some strange, mumbled words.
You are confused.
Items here: )) [ †.
You bump into the rock wall.
You feel a strong urge to attack something.
You bump into the rock wall.
You are no longer berserk.
You are exhausted.
You feel yourself slow down. Something hits you.
The orc warrior hits you with a +0 scimitar.
You bump into the rock wall.
Something hits you.
The orc warrior hits you with a +0 scimitar!
Something hits you but does no damage.
The orc warrior hits you with a +0 scimitar!
* * * LOW HITPOINT WARNING * * *
You bump into the rock wall.
Something hits you but does no damage. The orc warrior closely misses you.
You bump into the rock wall.
Something hits you but does no damage.
The orc warrior hits you with a +0 scimitar.
* * * LOW HITPOINT WARNING * * *
Something hits you but does no damage.
The orc warrior hits you with a +0 scimitar.
* * * LOW HITPOINT WARNING * * *
You hit the orc warrior but do no damage.
The orc warrior is severely wounded.
You barely miss something.
You feel less confused.
You hear some strange, mumbled words.
A puff of flame appears from out of thin air!
The puff of flame hits you!
You die...

#########
#.......#
###.#####.#
#.......#.#######
##.#.##..........#
##.......#.#####o#
.....<...#.# #@#
...........# #{#
##.......### #.#
...).....# ..#
...####### ###
#..# ...# #..#
#..#


You could see an orc warrior.

Vanquished Creatures
  Grinder (D:3)
  Menkaure (D:6)
  Duvessa (D:4)
  A black bear (D:4)
  Pargi (D:4)
  3 ice beasts
  A sky beast (D:7)
  3 ogres
  A phantom (D:4)
  3 bullfrogs
  2 kobold brigands (D:7)
  Blork the orc (D:6)
  5 scorpions
  9 wights
  Dowan (D:4)
  3 killer bees (D:7)
  2 lava snakes (D:7)
  An orc priest (D:8)
  3 hounds
  A jelly (D:7)
  2 gnoll boudas (D:6)
  6 iguanas
  A sleepcap (D:8)
  2 orc wizards
  7 adders
  13 gnolls
  A shadow imp (D:5)
  4 worms
  2 dart slugs
  10 orcs
  5 ball pythons
  6 bats
  4 endoplasms (D:1)
  3 giant cockroaches
  6 goblins
  7 hobgoblins
  5 jackals
  2 quokkas
  5 frilled lizards
  13 kobolds
  4 rats
152 creatures vanquished.

Notes
Turn   | Place    | Note
-------+----------+-------------------------------------------
     0 | D:1      | Wiggles the Minotaur Berserker began the quest for the Orb.
     0 | D:1      | Reached XP level 1. HP: 19/19 MP: 0/0
    23 | D:1      | Reached skill level 4 in Axes
   104 | D:1      | Reached XP level 2. HP: 24/26 MP: 1/1
   353 | D:1      | Reached skill level 5 in Axes
   628 | D:2      | Reached XP level 3. HP: 31/31 MP: 2/2
   634 | D:2      | Reached ** piety under Trog
   711 | D:2      | HP: 1/31 [worm (9)]
  1129 | D:2      | Found a white marble altar of Elyvilon.
  1360 | D:2      | Reached skill level 6 in Axes
  1360 | D:2      | Reached XP level 4. HP: 35/39 MP: 3/3
  1647 | D:3      | Found a faded altar of an unknown god.
  1830 | D:3      | Found an iron altar of Okawaru.
  1843 | D:3      | Found a basalt altar of Yredelemnul.
  1893 | D:3      | Noticed Grinder
  1899 | D:3      | Killed Grinder
  1900 | D:3      | Reached skill level 8 in Axes
  1900 | D:3      | Reached XP level 5. HP: 45/45 MP: 4/4
  1900 | D:3      | Reached XP level 6. HP: 51/51 MP: 5/5
  1958 | D:3      | Found a glowing silver altar of Zin.
  2275 | D:4      | Reached skill level 9 in Axes
  2417 | D:4      | Reached XP level 7. HP: 44/57 MP: 6/6
  2611 | D:4      | Found a staircase to the Ecumenical Temple.
  2681 | D:4      | Noticed Pargi
  2690 | D:4      | Killed Pargi
  2691 | D:4      | Reached skill level 10 in Axes
  2732 | D:4      | Reached skill level 1 in Stealth
  2861 | D:4      | Noticed Duvessa
  2861 | D:4      | Noticed Dowan
  2867 | D:4      | Killed Dowan
  2868 | D:4      | Reached skill level 11 in Axes
  2870 | D:4      | Killed Duvessa
  3122 | D:5      | Entered Level 5 of the Dungeon
  3130 | D:5      | Reached XP level 8. HP: 64/64 MP: 7/7
  3533 | D:5      | Reached skill level 12 in Axes
  4462 | D:6      | Found a sacrificial altar of Ru.
  4485 | D:6      | Reached skill level 13 in Axes
  4485 | D:6      | Noticed Menkaure
  4485 | D:6      | Noticed Blork the orc
  4495 | D:6      | Killed Menkaure
  4499 | D:6      | Killed Blork the orc
  4651 | D:6      | Reached *** piety under Trog
  5025 | D:6      | Reached skill level 14 in Axes
  5025 | D:6      | Reached XP level 9. HP: 52/70 MP: 8/8
  5238 | D:6      | Identified a scroll of acquirement
  5238 | D:6      | Acquired the amulet "Lexkiax" {RegenMP +Blink rPois Str+3
                  | Dex+2}
  5701 | D:7      | Reached skill level 15 in Axes
  6773 | D:8      | Reached skill level 1 in Evocations
  6785 | D:8      | Reached skill level 16 in Axes
  6934 | D:8      | Killed from afar by an orc wizard

Illustrated notes

Levels and vault maps discovered:
D:1:      zaba_arrival_water, layout_rooms, chequers_serial_rivers_micro_a,
          chequers_hall_statues_wall_a, minmay_misc_feat_plants
D:2:      layout_basic, basic_altar
D:3:      layout_basic, mainiacjoe_overflow_catwalk_spiral,
          mainiacjoe_overflow_alcove_4, basic_ecumenical_altar, uniq_grinder
D:4:      dreamdust_elfheim, layout_basic, minmay_temple_entry_glassed_door,
          minmay_stone_trees_small, uniq_pargi
D:5:      layout_basic, grunt_ministairs_6
D:6:      layout_gridville, nicolae_ru_awakened_eye, uniq_blork_the_orc,
          uniq_menkaure
D:7:      layout_loops_cross, serial_co_window_serial, co_window_corner_a,
          co_window_corner_a, co_window_corner_a, co_window_of_opportunity_a,
          co_window_of_opportunity_a, co_window_paths_a, co_window_paths_a,
          co_window_corner_b, co_window_broadway_a, co_window_corner_cb,
          co_window_corner_b, co_window_paths_e, glass_columns_a,
          glass_columns_b, glass_columns_a, glass_columns_b,
          kennysheep_crisscross
D:8:      layout_loops_cross, chequers_avenue

Skill      XL: |  1  2  3  4  5  6  7  8  9 |
---------------+----------------------------+-----
Axes           | 4 5 6 8 9 11 14 16 | 16.1
Stealth        | 1 2 |  2.4
Evocations     | 1 |  1.0
Fighting       | |  3.6
Armour         | |  2.4
Dodging        | |  2.1

Action                     |  1- 3 |  4- 6 |  7- 9 || total
---------------------------+-------+-------+-------++-------
  Melee: Hand axe          |    96 |    52 |   109 ||   257
         Headbutt          |    20 |    13 |    52 ||    85
         War axe           |       |       |   136 ||   136
         Punch             |       |       |     3 ||     3
 Invoke: Berserk           |       |     3 |     9 ||    12
  Evoke: Wand              |       |       |     7 ||     7
    Use: Scroll            |       |       |    13 ||    13
   Stab: Sleeping          |       |     1 |       ||     1
 Armour: Animal skin       |     2 |       |       ||     2
         Leather armour    |     8 |       |       ||     8
         Ring mail         |    15 |       |       ||    15
         Scale mail        |     1 |     8 |       ||     9
         Chain mail        |       |    10 |    82 ||    92
  Dodge: Dodged            |    59 |    23 |   103 ||   185
